 Dungeon Crawl Stone Soup version 0.17.0-28-g6e173f8 (webtiles) character file.

749 Ponchio the Magician (level 7, -4/36 HPs)
             Began as a Deep Elf Fire Elementalist on Nov 25, 2015.
             Killed from afar by PossumBlood's ghost (7 damage)
             ... with a magic dart
             ... on level 4 of the Dungeon.
             The game lasted 00:39:49 (4008 turns).

Ponchio the Magician (Deep Elf Fire Elementalist)   Turns: 4008, Time: 00:39:57

Health: -4/36      AC:  5    Str:  9    XL:     7   Next: 48%
Magic:  14/19      EV: 13    Int: 22    God:
Gold:   248        SH:  0    Dex: 15    Spells: 2 memorised, 15 levels left

rFire  . . .     SeeInvis .     j - +0 dagger
rCold  . . .     Clarity  .     a - +1 robe
rNeg   . . .     SustAt   .     (no shield)
rPois  .         Gourm    .     (no helmet)
rElec  .         Spirit   .     (no cloak)
rCorr  .         Warding  .     (no gloves)
rMut   .         Stasis   .     (no boots)
MR     .....                    (no amulet)
Stlth  ++........               o - +4 ring of strength
                                i - +2 ring of protection

@: lethally poisoned (-4 -> -15), not resistant to hostile enchantments,
unstealthy
A: no striking features
a: no special abilities


You were on level 4 of the Dungeon.
You were not hungry.

You visited 1 branch of the dungeon, and saw 4 of its levels.

You collected 248 gold pieces.

Inventory:

Hand Weapons
 j - a +0 dagger (weapon)
Armour
 a - a +1 robe (worn)
Jewellery
 i - a +2 ring of protection (left hand)
 o - a +4 ring of strength (right hand)
 q - an uncursed ring of teleportation
Wands
 s - a wand of slowing (27)
Scrolls
 d - a scroll of blinking
 f - 4 scrolls of remove curse
 h - 3 scrolls of enchant armour
 k - a scroll of fog
 r - 3 scrolls of enchant weapon
Potions
 e - a potion of haste
 g - a potion of mutation {unknown}
 l - a potion of resistance {unknown}
 p - a potion of poison
Books
 b - a book of Flames

   Spells                             Type                      Level
   a - Flame Tongue                   Conjuration/Fire             1
   b - Throw Flame                    Conjuration/Fire             2
   c - Conjure Flame                  Conjuration/Fire             3
   d - Inner Flame                    Hexes/Fire                   3
   e - Sticky Flame                   Conjuration/Fire             4
   f - Fireball                       Conjuration/Fire             5
 m - a book of Envenomations

   Spells                             Type                      Level
   a - Spider Form                    Transmutation/Poison         3
   b - Alistair's Intoxication        Transmutation/Poison         4
   c - Olgreb's Toxic Radiance        Poison                       4
   d - Poisonous Cloud                Conjuration/Poison/Air       6
Comestibles
 c - a bread ration
 n - 3 meat rations


   Skills:
 - Level 2.6 Dodging
 - Level 2.5 Stealth
 - Level 6.8 Spellcasting
 - Level 5.2 Conjurations
 - Level 0.4 Transmutations
 + Level 6.0 Fire Magic
 - Level 0.4 Poison Magic


You had 15 spell levels left.
You knew the following spells:

 Your Spells              Type           Power        Failure   Level  Hunger
a - Flame Tongue          Conj/Fire      ####.        1%          1    None
b - Spider Form           Trmt/Pois      #.........   21%         3    None


Dungeon Overview and Level Annotations

Branches:
Dungeon (4/15)
 Temple: D:4-7

Altars:
Cheibriados
Gozag
Makhleb
Ru

Annotations:
D:4 PossumBlood's ghost, amateur DECj


Message History

* * * LOW HITPOINT WARNING * * *
Things that are here:
3 tomahawks; a morningstar PossumBlood's ghost whispers, "Trust me.
Just give in."
PossumBlood's ghost gestures at you while chanting.
The magic dart hits you!
Items here: )) [ † a hand axe; a club; a leather armour; an orc corpse PossumBlood's ghost points at you and mumbles some strange words.
The magic dart hits you!
* * * LOW HITPOINT WARNING * * *
Drink which item? (? for menu, Esc to quit)
It was a potion of poison.
That liquid tasted very nasty...
You are lethally poisoned!
* * * LOW HITPOINT WARNING * * *
You feel sick.
PossumBlood's ghost casts a spell at you.
The magic dart hits you!
You die...

o# #............######## .#
#............# ## ######......##
#### ####.†....# #...
#..'......+ #.#. #.##....(.#
#.#. #.........####.#.##
#################.......'....#.#
)........().W...@.......######.#
###################............#
##############


You could see PossumBlood's ghost.

Vanquished Creatures
  Grinder (D:2)
  The ghost of Yendor the Poker, an amateur MfGl (D:3)
  A scorpion (D:4)
  2 orc priests
  2 worker ants (D:4)
  3 orc wizards
  4 adders (D:2)
  8 gnolls
  An ooze (D:3)
  4 worms
  2 giant geckos
  11 orcs
  4 ball pythons
  4 goblins
  11 hobgoblins
  10 jackals
  7 kobolds
  8 bats
  6 giant cockroaches
  5 giant newts
  2 quokkas (D:3)
  5 rats
102 creatures vanquished.

Vanquished Creatures (others)
  5 toadstools (D:1)
5 creatures vanquished.

Grand Total: 107 creatures vanquished

Notes
Turn   | Place    | Note
--------------------------------------------------------------
     0 | D:1      | Ponchio the Deep Elf Fire Elementalist began the quest for the Orb.
     0 | D:1      | Reached XP level 1. HP: 10/10 MP: 6/6
   347 | D:1      | Reached XP level 2. HP: 15/15 MP: 6/8
   857 | D:2      | Reached XP level 3. HP: 19/19 MP: 7/10
   867 | D:2      | Reached skill level 4 in Spellcasting
  1073 | D:2      | Found a sacrificial altar of Ru.
  1087 | D:2      | Reached XP level 4. HP: 24/24 MP: 2/12
  1218 | D:2      | Learned a level 3 spell: Spider Form
  1341 | D:2      | Found an opulent altar of Gozag.
  1740 | D:3      | Noticed Grinder
  1752 | D:3      | Noticed Yendor's ghost (amateur MfGl)
  1766 | D:2      | Killed Grinder
  1766 | D:2      | Reached skill level 6 in Spellcasting
  1766 | D:2      | Reached XP level 5. HP: 9/28 MP: 2/15
  1766 | D:2      | Reached XP level 6. HP: 10/32 MP: 2/17
  2000 | D:3      | Found a burning altar of Makhleb.
  2393 | D:3      | Killed Yendor's ghost
  2393 | D:3      | Reached skill level 5 in Conjurations
  2745 | D:3      | Reached XP level 7. HP: 36/36 MP: 15/19
  3241 | D:3      | Reached skill level 5 in Fire Magic
  3308 | D:4      | Found a snail-covered altar of Cheibriados.
  3967 | D:4      | Noticed PossumBlood's ghost (amateur DECj)
  4008 | D:4      | Killed from afar by PossumBlood's ghost

Action                   |  1- 3 |  4- 6 |  7- 9 || total
-------------------------+-------+-------+-------++-------
Melee: Unarmed           |     1 |    20 |    17 ||    38
       Dagger            |       |       |     1 ||     1
 Cast: Flame Tongue      |    57 |    93 |    59 ||   209
       Spider Form       |       |     5 |     1 ||     6
  Use: Scroll            |     6 |     2 |     1 ||     9
       Potion            |       |       |     1 ||     1
  Eat: Chunk             |       |     3 |     4 ||     7
       Fruit             |       |     1 |       ||     1
       Beef jerky        |       |     1 |       ||     1
